Map: Blackpink LE

Players

JeiNex - Winner!

  • Race: Zerg Zerg
  • League: Diamond
  • Spawn Location: 7:00

tbwoon

  • Race: Terran Terran
  • Spawn Location: 1:00

VOD

Have the link to the VOD?

Description

a Zerg vs Terran game.

Time

  • Played on: Jan. 12, 2018, 11:58 a.m.
  • Length: 28:50
Show
View Real Time Build Order
Export as new Build Order

JeiNex Zerg - Winner!

Build Orders: Hatch First, Swarm Host 

Get SALT Encoding   

  12  0:01  Drone  
  13  0:13  Overlord  
  13  0:18  Drone  
  14  0:32  Drone x2  
  16  0:36  Drone  
  17  0:53  Hatchery  
  16  0:57  Drone  
  16  1:00  Drone  
  16  1:03  Extractor  
  17  1:08  Drone  
  18  1:21  Spawning Pool  
  18  1:24  Drone  
  18  1:31  Drone  
  19  1:40  Overlord  
  19  2:07  Metabolic Boost  
  19  2:09  Zergling x6  
  19  2:11  Queen  
  19  2:12  Queen  
  19  2:15  Drone  
  27  2:19  Drone  
  28  2:24  Drone  
  29  2:32  Drone  
  30  2:43  Overlord  
  30  3:05  Hatchery  
  30  3:12  Drone x6  
  35  3:21  Queen  
  37  3:29  Drone  
  37  3:30  Drone x4  
  42  3:36  Baneling Nest  
  41  3:46  Overlord  
  41  3:48  Overlord  
  41  3:57  Lair  
  41  4:01  Queen  
  43  4:09  Drone  
  44  4:11  Drone  
  44  4:12  Drone x2  
  47  4:21  Overlord x2  
  47  4:28  Queen  
  49  4:45  Queen  
  51  4:47  Drone x5  
  51  4:48  Drone  
  57  4:53  Zergling x6  
  60  5:00  Spore Crawler  
  60  5:02  Spore Crawler  
  60  5:03  Baneling  
  60  5:04  Baneling x4  
  58  5:13  Drone  
  58  5:14  Drone  
  58  5:18  Hydralisk Den  
  58  5:22  Drone, Spore Crawler  
  58  5:23  Drone x4  
  58  5:24  Drone  
  58  5:49  Zergling x2  
  58  5:54  Overlord x2  
  58  5:55  Overlord x2  
  58  6:07  Muscular Augments  
  58  6:12  Queen  
  58  6:16  Extractor  
  58  6:17  Drone  
  58  6:18  Drone, Extractor  
  59  6:19  Drone x2, Extractor  
  59  6:20  Drone x3  
  59  6:21  Drone x3  
  67  6:28  Hydralisk x3  
  73  6:40  Zergling x2  
  73  6:41  Zergling x12  
  80  6:50  Evolution Chamber  
  80  6:52  Evolution Chamber  
  80  6:53  Drone  
  79  6:54  Drone x3  
  79  6:58  Drone x4  
  79  6:59  Drone x2  
  88  7:05  Overlord  
  88  7:13  Hatchery  
  88  7:14  Drone  
  88  7:15  Hydralisk  
  88  7:20  Overlord  
  88  7:21  Overlord x2  
  89  7:48  Drone  
  89  7:50  Drone x4  
  89  7:51  Drone x3  
  97  7:54  Zerg Missile Weapons Level 1, Zerg Ground Armor Level 1  
  97  7:56  Hydralisk x6  
  109  8:03  Hatchery  
  108  8:06  Extractor  
  108  8:07  Drone, Extractor  
  108  8:08  Drone x3  
  108  8:09  Drone x2  
  108  8:12  Zergling x4  
  114  8:14  Centrifical Hooks  
  114  8:18  Drone x2  
  116  8:23  Hydralisk  
  116  8:24  Hydralisk x4  
  126  8:38  Zergling x2  
  126  8:40  Overlord x5  
  126  8:41  Overlord  
  127  8:55  Overseer  
  127  8:58  Queen  
  127  8:59  Hydralisk x7  
  127  9:02  Zergling x2  
  144  9:03  Zergling x6  
  144  9:07  Infestation Pit  
  146  9:18  Drone x2  
  146  9:19  Spine Crawler x2  
  146  9:21  Zergling x18  
  146  9:22  Zergling x2  
  156  9:29  Zergling x2  
  156  9:30  Zergling x12  
  163  9:41  Zergling x2  
  163  9:42  Zergling x10  
  169  9:50  Hive  
  168  10:07  Baneling  
  168  10:08  Baneling x17  
  168  10:09  Baneling x11  
  168  10:10  Zergling x22  
  174  10:34  Zergling x6  
  174  10:36  Overlord x5  
  174  10:45  Overlord x3  
  174  10:50  Zerg Ground Armor Level 2, Zerg Missile Weapons Level 2  
  124  11:12  Hydralisk  
  124  11:13  Hydralisk x13  
  115  11:22  Zergling x16  
  115  11:23  Zergling x8  
  127  11:27  Hatchery  
  126  11:38  Swarm Host  
  126  11:39  Zergling x2, Swarm Host x2  
  130  11:40  Swarm Host x2  
  142  11:53  Swarm Host  
  142  11:54  Swarm Host x8  
  149  12:21  Zergling x2  
  149  12:22  Zergling x40  
  150  12:43  Pneumatized Carapace  
  150  12:46  Hydralisk  
  150  12:47  Hydralisk x7  
  150  12:50  Hatchery  
  165  13:06  Zergling x2  
  165  13:07  Zergling x24  
  177  13:16  Hydralisk x4  
  165  13:29  Zerg Missile Weapons Level 3  
  165  13:30  Zerg Ground Armor Level 3  
  165  13:32  Hydralisk x6  
  172  13:37  Zergling x8  
  169  14:00  Hydralisk  
  169  14:01  Hydralisk x10  
  183  14:06  Hydralisk x2  
  185  14:13  Hydralisk  
  185  14:14  Drone, Hydralisk x2  
  151  14:41  Hydralisk x9  
  165  14:58  Hydralisk  
  165  14:59  Hydralisk x4  
  173  15:12  Zergling x12  
  173  15:24  Hatchery  
  172  15:46  Hydralisk x3  
  172  15:47  Hydralisk x10  
  161  16:23  Hydralisk x10  
  161  16:24  Hydralisk x2  
  185  16:31  Zergling x8  
  189  16:45  Viper  
  192  16:52  Extractor  
  191  16:54  Extractor  
  144  17:34  Zergling x2  
  144  17:35  Zergling x32  
  157  18:10  Viper x5  
  157  18:11  Viper  
  175  18:22  Swarm Host x3  
  153  18:38  Zergling x18  
  153  18:39  Zergling x20  
  161  18:51  Hydralisk  
  161  18:52  Hydralisk x5  
  173  19:10  Hydralisk x8  
  175  19:44  Hydralisk x5  
  175  19:45  Hydralisk x7  
  197  20:16  Hatchery  
  194  20:26  Extractor  
  194  20:28  Spine Crawler  
  185  20:29  Extractor  
  172  20:41  Zergling x2  
  172  20:42  Zergling x34  
  131  21:12  Zergling x2  
  131  21:13  Zergling x22  
  115  21:33  Hydralisk x14  
  121  21:52  Hydralisk x5  
  121  21:53  Hydralisk x3  
  134  21:58  Hatchery  
  133  22:09  Zergling x2  
  133  22:10  Zergling x2  
  135  22:31  Zergling x4  
  135  22:32  Zergling x16  
  140  23:07  Extractor x2  
  124  23:24  Zergling x2  
  124  23:25  Zergling x28  
  99  23:52  Hydralisk  
  99  23:53  Hydralisk  
  99  23:54  Hydralisk x7  
  107  24:04  Hydralisk x2  
  111  24:13  Hydralisk x2  
  107  24:37  Zergling x4  
  90  25:02  Hatchery  
  89  25:09  Extractor  
  89  25:11  Extractor  
  85  25:25  Burrow  
  85  26:01  Hydralisk x6  
  97  26:06  Overlord  
  86  26:47  Hatchery  
  86  26:52  Drone  
  86  26:53  Drone x2  
  88  27:22  Drone x3  
  91  27:40  Drone  
  91  27:41  Drone  
  93  28:02  Zergling x6  
  74  28:29  Drone  
  74  28:30  Drone x5  
Show
View Real Time Build Order
Export as new Build Order

tbwoon Terran 

Build Orders: Reaper Expand, Hellion Banshee, Mech 

Get SALT Encoding   

  12  0:01  SCV  
  13  0:13  SCV  
  14  0:17  Supply Depot  
  14  0:25  SCV  
  15  0:29  Refinery  
  15  0:39  SCV  
  16  0:45  Barracks  
  16  0:51  SCV  
  17  1:03  SCV  
  18  1:15  SCV  
  19  1:31  Orbital Command  
  19  1:32  Reaper  
  20  1:44  Command Center  
  20  1:54  Factory  
  20  1:57  SCV  
  21  2:05  Supply Depot  
  21  2:07  Barracks Reactor  
  21  2:11  SCV  
  22  2:16  Refinery  
  22  2:23  SCV  
  23  2:35  SCV  
  24  2:47  SCV  
  25  2:54  Starport  
  25  2:59  Hellion x2, SCV  
  25  3:02  Barracks Tech Lab  
  31  3:14  Orbital Command  
  31  3:17  SCV  
  31  3:20  Hellion x2  
  35  3:41  SCV x2, Hellion x2  
  36  3:46  Supply Depot  
  40  3:55  Viking  
  42  3:56  Cloaking Field  
  42  3:59  SCV x2  
  44  4:04  Supply Depot  
  44  4:14  Supply Depot  
  44  4:17  Hellion  
  44  4:18  Hellion  
  44  4:19  SCV x2  
  50  4:26  Banshee  
  53  4:37  Command Center  
  53  4:41  SCV  
  53  4:42  Refinery x2  
  54  4:51  SCV  
  55  4:53  SCV, Armory  
  56  5:04  SCV  
  56  5:05  SCV  
  58  5:20  Barracks Reactor, Factory  
  61  5:21  SCV x2  
  61  5:23  Factory  
  61  5:44  Cyclone x2  
  61  5:49  SCV x2  
  58  6:02  SCV x2  
  58  6:03  Orbital Command  
  57  6:05  Supply Depot  
  57  6:12  Factory Tech Lab  
  57  6:14  SCV x2  
  59  6:19  Terran Vehicle Weapons Level 1  
  59  6:22  Engineering Bay  
  59  6:24  Orbital Command  
  59  6:28  Siege Tank  
  62  6:37  SCV x2  
  68  6:50  Factory  
  68  6:53  Infernal Pre-Igniter  
  64  6:54  Barracks Tech Lab  
  64  6:55  Siege Tank  
  64  6:56  Factory  
  64  6:57  SCV  
  64  6:58  SCV x2  
  64  7:00  Siege Tank  
  73  7:12  SCV x2  
  75  7:19  SCV  
  75  7:22  Armory  
  76  7:24  Barracks Tech Lab  
  76  7:25  SCV x2  
  76  7:27  Refinery, Siege Tank  
  76  7:29  Hellion x2, Refinery  
  85  7:36  Supply Depot, Siege Tank  
  88  7:37  SCV x2  
  88  7:38  Supply Depot  
  90  7:44  Factory  
  90  7:49  SCV x2  
  92  7:53  SCV  
  92  7:56  Barracks Tech Lab  
  93  8:01  SCV, Thor  
  93  8:02  SCV  
  101  8:06  SCV  
  101  8:10  Terran Vehicle And Ship Armor Level 1  
  102  8:15  Siege Tank x2  
  102  8:19  Supply Depot  
  108  8:21  Supply Depot  
  108  8:27  SCV  
  109  8:36  Supply Depot  
  109  8:38  Supply Depot  
  109  8:40  Supply Depot  
  110  8:41  SCV, Command Center  
  110  8:43  Factory Tech Lab  
  110  8:45  Viking x2  
  110  8:46  Terran Vehicle Weapons Level 2  
  114  8:49  SCV  
  114  8:50  SCV  
  116  8:57  SCV  
  116  8:58  Missile Turret x2  
  116  9:01  SCV  
  118  9:06  SCV, Missile Turret  
  118  9:09  SCV  
  120  9:12  Missile Turret  
  120  9:13  SCV  
  120  9:16  Siege Tank x3  
  130  9:23  Hellion x3  
  130  9:27  Supply Depot  
  130  9:29  Siege Tank  
  130  9:30  Hellion x2  
  137  9:32  Factory  
  137  9:38  Supply Depot  
  137  9:39  Supply Depot  
  137  9:43  Supply Depot  
  137  9:44  Hellion, Sensor Tower  
  139  9:46  Missile Turret  
  139  9:48  Hellion x2  
  143  9:55  SCV  
  143  9:59  Siege Tank  
  147  10:03  Smart Servos  
  147  10:05  Siege Tank x2  
  147  10:06  Viking x2  
  157  10:19  Siege Tank  
  157  10:20  Siege Tank  
  163  10:31  Siege Tank  
  163  10:35  Planetary Fortress  
  154  10:37  Siege Tank  
  154  10:40  Command Center  
  154  10:42  Hellion x3  
  163  10:47  Viking  
  165  10:51  Refinery  
  165  10:52  Refinery  
  165  10:53  Missile Turret  
  165  11:08  SCV x2  
  165  11:09  Siege Tank x3  
  144  11:13  Siege Tank  
  144  11:14  Hellion x4  
  144  11:34  SCV x4  
  144  11:35  Hellion x2  
  144  11:36  Hellion x2  
  144  11:37  Sensor Tower  
  156  11:42  Hellion x3  
  156  11:45  Siege Tank  
  165  11:48  Terran Vehicle And Ship Armor Level 2  
  165  11:57  Siege Tank  
  165  12:00  Missile Turret  
  168  12:01  Missile Turret  
  168  12:02  Thor  
  174  12:14  Supply Depot  
  171  12:15  Supply Depot  
  171  12:18  Supply Depot  
  160  12:28  Siege Tank  
  160  12:29  Siege Tank x3  
  172  12:30  Viking x2  
  172  12:36  Starport  
  176  12:38  Starport  
  176  12:40  Starport  
  176  12:41  Factory Tech Lab  
  176  12:42  Hellion x2  
  180  12:46  Hellion  
  182  12:53  Planetary Fortress  
  182  13:01  Hellion x4  
  182  13:03  Hellion  
  192  13:16  Refinery  
  192  13:18  Refinery  
  192  13:22  Command Center  
  192  13:26  Thor x3  
  199  13:32  SCV  
  199  13:33  SCV x2  
  194  13:39  Hellion x2  
  196  14:00  Siege Tank x3  
  184  14:07  Hellion x2  
  184  14:09  Siege Tank x2  
  187  14:10  Hellion  
  187  14:28  Hellion x2  
  188  14:31  Hellion  
  188  14:32  Hellion, Siege Tank x2  
  187  14:40  Refinery  
  187  14:41  Siege Tank  
  187  14:42  Siege Tank  
  184  14:50  Hellion x2  
  184  14:51  Starport Reactor x3  
  174  14:53  Hellion  
  174  14:54  Terran Ship Weapons Level 1  
  174  14:55  Terran Vehicle And Ship Armor Level 3  
  168  15:07  Planetary Fortress  
  168  15:08  Refinery  
  168  15:09  Hellion x3  
  160  15:44  Viking x3  
  160  15:45  Viking x3  
  172  15:54  Thor x2  
  172  15:55  Siege Tank  
  173  16:15  Siege Tank x3  
  173  16:16  Viking  
  150  16:27  Siege Tank  
  153  16:35  Refinery  
  153  16:39  Siege Tank  
  159  16:40  Siege Tank  
  159  16:47  Siege Tank  
  160  17:05  Viking x3  
  163  17:10  Siege Tank x2  
  139  17:15  Siege Tank x2  
  139  17:16  Siege Tank  
  139  17:19  Siege Tank  
  130  17:31  Hellion x2  
  134  17:40  Viking x2  
  134  17:42  Siege Tank x2  
  144  17:48  Hellion x3  
  150  18:01  Siege Tank  
  150  18:05  SCV x3  
  155  18:06  SCV  
  155  18:09  Siege Tank x2  
  163  18:33  Siege Tank x2  
  150  18:39  Siege Tank x2  
  145  18:47  Hellion  
  145  18:48  Hellion x3  
  148  18:58  SCV x2  
  150  19:06  Hellion x2, Terran Ship Weapons Level 2  
  150  19:07  Terran Vehicle Weapons Level 3  
  150  19:09  Hellion, Siege Tank x2  
  162  19:11  Siege Tank  
  165  19:20  Viking  
  165  19:21  Viking x2  
  171  19:28  Viking  
  171  19:30  SCV x2  
  171  19:31  SCV  
  144  20:03  Siege Tank x4  
  144  20:04  Siege Tank  
  159  20:13  Siege Tank  
  158  20:15  Viking x2  
  158  20:16  Viking x3  
  151  20:35  Siege Tank x2  
  151  20:36  Siege Tank x3  
  151  20:45  Siege Tank  
  136  20:58  Hellion x2  
  136  20:59  SCV x2  
  136  21:00  SCV  
  130  21:08  Hellion x3, Siege Tank x2  
  133  21:17  Siege Tank  
  105  21:19  Hellion  
  105  21:20  Hellion  
  101  21:27  SCV  
  101  21:29  Siege Tank x3  
  91  21:40  Hellion  
  93  21:47  SCV x2  
  95  21:59  SCV x2  
  97  22:02  Orbital Command  
  97  22:05  Siege Tank x2  
  98  22:40  Refinery  
  98  22:41  Siege Tank  
  98  22:42  Siege Tank x5  
  98  22:43  Hellion x2  
  117  22:55  SCV  
  118  23:01  Orbital Command  
  118  23:07  SCV  
  113  23:14  Siege Tank  
  113  23:19  SCV  
  106  23:25  Refinery  
  98  23:32  SCV  
  97  23:44  SCV  
  97  23:45  SCV  
  89  23:56  SCV  
  89  23:57  SCV  
  91  24:04  Siege Tank  
  91  24:05  Hellion x4  
  91  24:08  SCV  
  91  24:09  SCV  
  104  24:20  SCV  
  104  24:21  SCV  
  104  24:22  Refinery  
  102  24:32  SCV  
  102  24:33  SCV  
  102  24:44  SCV  
  90  24:45  SCV  
  90  24:48  Siege Tank x2  
  74  24:56  SCV  
  74  24:58  SCV  
  71  25:00  Refinery  
  71  25:08  SCV  
  71  25:10  SCV  
  71  25:36  Orbital Command  
  71  25:37  Hellion x2  
  71  25:38  Hellion x3  
  81  25:48  Siege Tank x2  
  81  25:49  Siege Tank  
  69  26:07  Orbital Command  
  69  26:30  SCV  
  69  26:32  Siege Tank  
  66  26:36  Siege Tank  
  52  27:31  Siege Tank  
Tags
 
Add a new tag
Caveats
  • Supply blocks, unpowered buildings, or Contaminate may cause inaccurate times.
  • Supply counts are checked every 10 seconds.